 Dungeon Crawl Stone Soup version 0.30-a0-347-gf58ed52 (webtiles) character file.

Game seed: 12448875421041432296

2578 Dorkslayer the Covert (level 9, -3/57 HPs)
             Began as an Octopode Brigand on Nov 5, 2022.
             Was an Initiate of Gozag.
             Engulfed by a steam dragon's steam (14 damage)
             ... on level 7 of the Dungeon.
             The game lasted 00:17:51 (6404 turns).

Dorkslayer the Covert (Octopode Brigand)            Turns: 6404, Time: 00:17:51

Health: -3/57      AC:  1    Str: 13    XL:     9   Next: 57%
Magic:  14/14      EV: 18    Int: 13    God:    Gozag
Gold:   1211       SH:  0    Dex: 15    Spells: 12/14 levels left

rFire   . . .      SeeInvis .    A - +6 hand axe (flame)
rCold   + . .      Faith    .    (no shield)
rNeg    . . .      Spirit   .    (helmet restricted)
rPois   .          Reflect  .    (no amulet)
rElec   .          Harm     .    p - +4 ring of evasion
rCorr   .          Rampage  .    j - ring of protection from cold
Will    .....                    (no ring)
Stlth   +++++.....               (no ring)
HPRegen 0.29/turn                (no ring)
MPRegen 0.14/turn                (no ring)
                                 (no ring)
                                 (no ring)

@: studying Long Blades
A: almost no armour, amphibious, 8 rings, camouflage 1, gelatinous body 1,
(nimble swimmer 1), tentacles
a: Renounce Religion, Potion Petition, Call Merchant, Bribe Branch


You were on level 7 of the Dungeon.
You worshipped Gozag.
Gozag was most pleased with you.
You visited 2 branches of the dungeon, and saw 8 of its levels.
You also visited: Ossuary.

You collected 1226 gold pieces.
You paid 15 gold pieces to Gozag.

Inventory:

Hand Weapons
 a - a +2 dagger
 s - the +6 mace of Victory {vorpal, Int+2}
   (You found it on level 3 of the Dungeon)

   It inflicts extra damage upon your enemies.
   Int:       It affects your intelligence (+2).
 A - a +6 hand axe of flaming (weapon)
 C - a +2 war axe of flaming
Missiles
 b - 20 poisoned darts (quivered)
 c - 2 curare-tipped darts
 z - a boomerang
Jewellery
 j - a ring of protection from cold (right tentacle)
 p - a +4 ring of evasion (left tentacle)
Wands
 f - a wand of paralysis (5)
Scrolls
 g - 9 scrolls of teleportation
 k - 2 scrolls of fear
 l - a scroll of vulnerability
 m - a scroll of magic mapping
 o - 3 scrolls of silence
 q - 2 scrolls of poison {unknown}
 r - a scroll of enchant armour
 u - a scroll of summoning {unknown}
 v - 2 scrolls of amnesia {unknown}
 w - a scroll of enchant weapon {unknown}
 y - 2 scrolls of butterflies {unknown}
 D - a scroll of blinking
 G - a scroll of noise {unknown}
Potions
 d - 2 potions of curing
 e - a potion of might {unknown}
 h - 2 potions of haste
 i - 2 potions of mutation
 n - 2 potions of flight
 t - a potion of magic
 x - a potion of cancellation
 B - a potion of resistance {unknown}
 E - a potion of brilliance {unknown}


   Skills:
 * Level 3.5 Fighting
 + Level 3.3 Short Blades
 * Level 1.8(3.6) Axes
 - Level 4.8(5.0) Maces & Flails
 * Level 3.4 Throwing
 + Level 3.2 Dodging
 + Level 9.9 Stealth
 * Level 3.4 Spellcasting
 * Level 3.8 Air Magic
 * Level 4.8 Poison Magic
 * Level 3.2 Evocations


You had 12 spell levels left.
You knew the following spells:

 Your Spells              Type           Power      Damage    Failure   Level
a - Poisonous Vapours     Pois/Air       26%        N/A       5%          2

Your spell library contained the following spells:

 Spells                   Type           Power      Damage    Failure   Level
 Sting                    Tmut/Pois      32%        1d4       9%          1
 Olgreb's Toxic Radiance  Pois           14%        N/A       30%         4
 Ozocubu's Armour         Ice            2%         N/A       54%         3
 Ozocubu's Refrigeration  Ice            1%         4d7       100%        7


Dungeon Overview and Level Annotations

Branches:
Dungeon (7/15)             Temple (1/1) D:7         Ossuary (visited)

Altars:
Gozag
Kikubaaqudgha
Qazlal
Ru

Shops:
D:2 [


Innate Abilities, Weirdness & Mutations

You cannot wear most types of armour.
You are amphibious.
You can wear up to eight rings at the same time.
Your skin changes colour to match your surroundings (Stealth+).
Your rubbery body absorbs attacks. (AC +1, EV +1)
((You are camouflaged when in or above water. (Stealth+)))
You have tentacles for arms and can constrict up to eight enemies at once.


Message History

You hit the iguana. You burn the iguana.
You kill the iguana!
You now have 1211 gold pieces (gained 5).
You open the door.
Found a stone staircase leading down.
There is an open door here.
There is a stone staircase leading down here.
Found a helmet.
g - 9 scrolls of teleportation (gained 1)
A steam dragon comes into view.
Found 21 gold pieces.
The helpless steam dragon fails to defend itself.
You hit the steam dragon but do no damage.
The steam dragon breathes steam at you. The ball of steam misses you.
You slash the steam dragon! You burn the steam dragon.
The steam dragon is moderately wounded.
You are engulfed in a cloud of scalding steam.
The steam dragon barely misses you. The steam dragon claws you.
You hit the steam dragon but do no damage.
You tentacle-slap the steam dragon.
The steam dragon is moderately wounded.
You are engulfed in a cloud of scalding steam.
The steam dragon barely misses you. The steam dragon closely misses you.
The steam dragon bites you. The steam dragon claws you.
The steam dragon barely misses you. x2
You hit the steam dragon. You burn the steam dragon.
The steam dragon is heavily wounded.
The steam dragon bites you!
* * * LOW HITPOINT WARNING * * *
The steam dragon claws you.
* * * LOW HITPOINT WARNING * * *
Unknown command.
The steam dragon breathes steam at you. The ball of steam hits you.
* * * LOW HITPOINT WARNING * * *
You feel better.
You are engulfed in a cloud of scalding steam.
You die...
Your body crumbles into a pile of gold.

####### #.$...######
###.#....,...# ****
#.......####.######## ,,,*
*,#.................# **,*
*,#..D..###..##...#.# *,*
*,#.#.@§###..#......# *,*
*,#...§.§.#..##...#.### *,*
*,####§§§....###.##.... *,*
*,***##.#§#### #.###### #,***
*,,,,...#.# #.# #.*,##
****#####.# ##+## *....# #####
#.# ##...## ####.#### #...####.#
##.....####
........####...#.##.###.......#..


You could see a steam dragon (catching breath).

Vanquished Creatures
  A wraith (Ossuary)
  Eustachio (D:5)
  2 water moccasins
  An orc warrior (D:7)
  Duvessa (D:6)
  3 ogres (D:5)
  A centaur (D:5)
  A phantom (D:5)
  A kobold brigand (D:7)
  Blork the orc (D:5)
  A bullfrog (D:6)
  2 necrophages (D:6)
  A scorpion (D:5)
  3 wights (D:6)
  Dowan (D:6)
  4 killer bees (D:7)
  An electric eel (D:7)
  A quasit (D:7)
  A jelly (D:4)
  2 orc priests (D:7)
  2 gnoll boudas
  3 hounds
  An orc wizard (D:7)
  5 iguanas
  2 mummies
  8 gnolls
  3 adders
  4 shadow imps (D:7)
  A white imp (D:7)
  An ufetubus (D:6)
  2 worms (D:2)
  4 dart slugs
  11 orcs
  9 endoplasms
  4 giant cockroaches
  4 goblins
  5 hobgoblins
  6 jackals
  A quokka (D:2)
  6 ball pythons
  3 bats
  3 frilled lizards
  6 gnoll skeletons (Ossuary)
  9 kobolds
  3 kobold skeletons (Ossuary)
  16 orc skeletons (Ossuary)
  3 rats
155 creatures vanquished.

Vanquished Creatures (others)
  5 demonic plants (D:7)
5 creatures vanquished.

Grand Total: 160 creatures vanquished

Notes
Turn   | Place    | Note
-------+----------+-------------------------------------------
     0 | D:1      | Dorkslayer the Octopode Brigand began the quest for the
                  | Orb.
     0 | D:1      | Reached XP level 1. HP: 14/14 MP: 1/1
   297 | D:1      | Reached XP level 2. HP: 8/19 MP: 2/2
  1031 | D:2      | Found an opulent altar of Gozag.
  1037 | D:2      | Became a worshipper of Gozag Ym Sagoz the Greedy
  1125 | D:2      | Reached skill level 6 in Stealth
  1185 | D:2      | Reached XP level 3. HP: 24/24 MP: 3/3
  1491 | D:2      | Learned a level 2 spell: Poisonous Vapours
  1540 | D:2      | Found Nithehob's Antique Armour Shop.
  2161 | D:3      | Reached XP level 4. HP: 29/29 MP: 4/4
  2206 | D:3      | Identified the +6 mace of Victory {vorpal, Int+2}
  2427 | D:4      | Reached skill level 7 in Stealth
  2583 | D:4      | Reached XP level 5. HP: 29/35 MP: 5/5
  2938 | D:5      | Entered Level 5 of the Dungeon
  2982 | D:5      | Noticed a centaur
  2995 | D:5      | Killed a centaur
  2996 | D:5      | Reached skill level 1 in Maces & Flails
  2996 | D:5      | Reached skill level 1 in Poison Magic
  2996 | D:5      | Reached XP level 6. HP: 26/41 MP: 5/7
  3078 | D:5      | Reached skill level 1 in Spellcasting
  3078 | D:5      | Reached skill level 1 in Air Magic
  3122 | D:5      | Noticed Blork the orc
  3131 | D:5      | Killed Blork the orc
  3132 | D:5      | Reached skill level 8 in Stealth
  3176 | D:5      | Reached XP level 7. HP: 41/45 MP: 9/9
  3561 | D:5      | Reached skill level 9 in Stealth
  3655 | D:5      | Noticed Eustachio
  3678 | D:5      | Killed Eustachio
  3679 | D:5      | Reached XP level 8. HP: 30/51 MP: 11/11
  3985 | D:6      | Reached skill level 1 in Evocations
  4002 | D:6      | Noticed Dowan
  4002 | D:6      | Noticed Duvessa
  4008 | D:6      | Killed Duvessa
  4013 | D:6      | Killed Dowan
  4595 | D:6      | Found an ancient bone altar of Kikubaaqudgha.
  4668 | D:6      | Reached XP level 9. HP: 56/56 MP: 13/13
  5174 | D:7      | Found a staircase to the Ecumenical Temple.
  5183 | Temple   | Entered the Ecumenical Temple
  5199 | D:7      | Found a stormy altar of Qazlal.
  5239 | D:7      | Found a sand-covered staircase.
  5247 | Ossuary  | Entered an ossuary
  6060 | D:7      | Reached skill level 1 in Axes
  6404 | D:7      | Engulfed by a steam dragon's steam

Illustrated notes

Levels and vault maps discovered:
D:1:      dpeg_arrival_pits, layout_basic
D:2:      layout_basic, serial_shops, shop, basic_altar, roderic_lattice_a
D:3:      layout_rooms
D:4:      layout_loops_ring
D:5:      layout_basic, serial_glass, glass_columns_c, glass_columns_b,
          due_unseen_surprise, item_on_display_a, minmay_strange_pillars,
          item_on_display_a, uniq_blork_the_orc, uniq_eustachio
D:6:      layout_basic, mainiacjoe_overflow_alcove_2, uniq_duvessa
D:7:      layout_loops_corners, grunt_qazlal_clouds, minmay_temple_entry_wispy,
          gup_ossuary_entry_pyramid, serial_demonic, serial_demonic_f,
          serial_demonic_a, serial_demonic_b, serial_demonic_a,
          amcnicky_mini_pool_medium
Temple:   nicolae_temple_elliptical

Skill      XL: |  1  2  3  4  5  6  7  8  9 |
---------------+----------------------------+-----
Stealth        | 6 7 8 9 |  9.9
Short Blades   | 3 |  3.3
Maces & Flails | 1 2 4 |  4.8
Poison Magic   | 1 2 3 4 |  4.8
Spellcasting   | 1 2 3 |  3.4
Air Magic      | 1 2 3 |  3.8
Dodging        | 2 3 |  3.2
Evocations     | 2 3 |  3.2
Fighting       | 3 |  3.5
Throwing       | 3 |  3.4
Axes           | 1 |  1.8

Action                   |  1- 3 |  4- 6 |  7- 9 || total
-------------------------+-------+-------+-------++-------
Melee: Dagger            |    60 |    10 |       ||    70
       Tentacles         |     9 |     9 |    44 ||    62
       Constrict         |    10 |     8 |    52 ||    70
       Punch             |     1 |       |     3 ||     4
       Mace              |       |    41 |   113 ||   154
       Hand axe          |       |       |    64 ||    64
Throw: Dart              |       |     2 |    31 ||    33
Evoke: Wand              |       |       |     7 ||     7
  Use: Scroll            |       |     6 |    12 ||    18
       Potion            |       |       |     3 ||     3
 Stab: Sleeping          |    23 |     7 |    18 ||    48
       Distracted        |       |       |     2 ||     2
Armor: Skin              |     2 |     2 |     8 ||    12
Dodge: Dodged            |    23 |    54 |   165 ||   242

Table legend: (Time is in decaauts)
 A = Elapsed time spent in this place.
 B = Non-inter-level travel time spent in this place.
 C = Inter-level travel time spent in this place.
 D = Time resting spent in this place.
 E = Time spent auto-exploring this place.
 F = Levels seen in this place.
 G = Mean time per level.
                   A        B        C        D        E       F      G
               +--------+--------+--------+--------+--------+-----+--------+
         Total |   6447 |   6370 |     77 |     91 |   3597 |   9 |  716.3 |
       Dungeon |   5894 |   5817 |     77 |      0 |   3407 |   7 |  842.0 |
        Temple |      5 |      5 |      0 |      0 |      0 |   1 |    5.0 |
       Ossuary |    547 |    547 |      0 |     91 |    190 |   1 |  547.0 |
               +--------+--------+--------+--------+--------+-----+--------+

Top non-repeatable levels by time:
     D:6: 1202 daAuts
     D:5: 1046 daAuts
     D:1: 1027 daAuts
     D:2: 870 daAuts
     D:7: 710 daAuts
     D:4: 609 daAuts
 Ossuary: 547 daAuts
     D:3: 427 daAuts
  Temple: 5 daAuts
